 Dungeon Crawl Stone Soup version 0.19.5 (webtiles) character file.

30 Trigun the Skirmisher (level 3, 17/23 HPs)
             Began as a Kobold Berserker on Apr 16, 2017.
             Was a Follower of Trog.
             Got out of the dungeon alive.
             The game lasted 00:22:28 (1203 turns).

Trigun the Skirmisher (Kobold Berserker)            Turns: 1203, Time: 00:22:29

Health: 17/23      AC:  6    Str: 14    XL:     3   Next: 35%
Magic:  3/3        EV: 14    Int:  8    God:    Trog [*.....]
Gold:   40         SH:  0    Dex: 15    Spells: 0 memorised, 2 levels left

rFire  . . .     SeeInvis .     e - +1 dagger (speed)
rCold  . . .     Gourm    .     d - +0 ring mail
rNeg   . . .     Faith    .     (shield restricted)
rPois  .         Spirit   .     (no helmet)
rElec  .         Reflect  .     (no cloak)
rCorr  .         Harm     .     (no gloves)
MR     .....                    (no boots)
Stlth  +.........               (no amulet)
                                (no ring)
                                c - +1 ring of protection {first}

@: no status effects
A: carnivore 3
a: Berserk, Burn Spellbooks, Renounce Religion


You escaped.
You worshipped Trog.
Trog was aware of your devotion.
You were hungry.

You visited 1 branch of the dungeon, and saw 1 of its levels.

You collected 40 gold pieces.

Inventory:

Hand Weapons
 e - a +1 dagger of speed (weapon)
 f - a +0 dagger
 l - a +0 club
 n - a +0 dagger
 o - a +0 club
 p - a +0 club
 q - a +0 short sword
 s - a +0 club
 v - a +0 flail
Armour
 a - a +0 animal skin
 d - a +0 ring mail (worn)
Jewellery
 c - a +1 ring of protection (left hand) {first}
Scrolls
 r - a scroll of enchant armour
Potions
 g - a potion of might
 h - a potion of lignification {unknown}
 i - a potion of magic {unknown}
 m - a potion of mutation {unknown}
Comestibles
 b - a meat ration
 j - a bread ration
 u - 7 chunks of flesh


   Skills:
 + Level 3.6 Fighting
 * Level 1.8 Short Blades
 + Level 1.8 Armour
 + Level 2.9 Dodging
 - Level 3.1 Unarmed Combat


You had 2 spell levels left.
You didn't know any spells.

Dungeon Overview and Level Annotations

Branches:
Dungeon (1/15)

Altars:


Innate Abilities, Weirdness & Mutations

You are small and have problems with some larger weapons.
You are carnivorous and can eat meat at any time.


Message History

It is a scroll of identify.
r - a scroll of enchant armour
As you read the scroll labeled IFYINE CYSUPA, it crumbles to dust.
It is a scroll of amnesia.
You feel forgetful for a moment.
There is an open door here.
There is a staircase leading out of the dungeon here.
There is a staircase leading out of the dungeon here.
There is a staircase leading out of the dungeon here.
Are you sure you want to leave the Dungeon?
This will make you lose the game!
Alright, then stay!
You can't go down here!
Are you sure you want to leave the Dungeon?
This will make you lose the game! [Y]es or [N]o only, please.
Are you sure you want to leave the Dungeon?
This will make you lose the game!
Uppercase [Y]es or [N]o only, please.
Are you sure you want to leave the Dungeon?
This will make you lose the game!
Uppercase [Y]es or [N]o only, please.
Are you sure you want to leave the Dungeon?
This will make you lose the game!
You have escaped!

## ######
##...#.###......#.##
#P.P#.........>#'##
#P.P######.#'#.....
#P.P# #.#.......
#P.P# #..##.....
#P.P# ##.##.....
#### #P.P# #.##.....
...# #P.P# #........
...## #P@P#
##....... ....##
#P.P# #.......
...#.# #P.P#
#....... ..#..#
#P.P# ##.......
.#...## #P.P#
#........ #.....#
#P.P# #........
..##..## #P.P#
#........ ..##...#
#P.P# #........
#......# #...#
#........


There were no monsters in sight!

Vanquished Creatures
  A gnoll (D:1)
  A dart slug (D:1)
  A bat (D:1)
  3 hobgoblins (D:1)
  2 jackals (D:1)
  2 frilled lizards (D:1)
  3 goblins (D:1)
  2 kobolds (D:1)
  5 rats (D:1)
20 creatures vanquished.

Notes
Turn   | Place    | Note
-------+----------+-------------------------------------------
     0 | D:1      | Trigun the Kobold Berserker began the quest for the Orb.
     0 | D:1      | Reached XP level 1. HP: 14/14 MP: 1/1
   224 | D:1      | Reached XP level 2. HP: 13/19 MP: 2/2
   732 | D:1      | Reached skill level 1 in Short Blades
  1071 | D:1      | Reached XP level 3. HP: 23/23 MP: 3/3
  1203 | D:$      | Got out of the dungeon alive.

Skill      XL: |  1  2 |
---------------+-------+-----
Short Blades   | 1 |  1.8
Fighting       | |  3.6
Armour         | |  1.8
Dodging        | |  2.9
Unarmed Combat | |  3.1

Action                   || total
-------------------------++-------
Melee: Unarmed           ||    27
       Dagger            ||    55
       Punch             ||     1
  Use: Scroll            ||     5
       Potion            ||     1
 Stab: Sleeping          ||     1
Armor: Animal skin       ||     6
       Ring mail         ||     5
Dodge: Dodged            ||    42
